 Dungeon Crawl Stone Soup version 0.28-a0-535-g6f645e4c1d (webtiles) character file.

Game seed: 3552097361665651536

36004 Rennog the Warrior (level 13, -3/105 HPs)
             Began as an Octopode Fighter on Sept 26, 2021.
             Was a Follower of Ashenzari.
             Constricted to death by Jorgrun (5 damage)
             ... on level 14 of the Dungeon.
             The game lasted 00:36:45 (19657 turns).

Rennog the Warrior (Octopode Fighter)              Turns: 19657, Time: 00:36:45

Health: -3/105     AC:  1    Str: 18    XL:     13   Next: 87%
Magic:  13/13      EV: 22    Int: 11    God:    Ashenzari [*.....]
Gold:   441        SH:  0    Dex: 19    Spells: 12/12 levels left

rFire   + . .      SeeInvis .   F - +9 battleaxe of a ziggurat {vamp, rPois}
rCold   + . .      Faith    .   (shield currently unavailable)
rNeg    + . .      Spirit   .   (helmet restricted)
rPois   +          Reflect  .   (no amulet)
rElec   .          Harm     .   d - +6 ring of dexterity
rCorr   .          Rampage  .   i - ring of the Stellar Gnosis {Will+, Self, Melee} (curse)
Will    +++..                   k - ring "Bound With Me" {rC+, Fort, Cun} (curse)
Stlth   +++++.....              q - +4 ring of evasion
HPRegen 0.27/turn               l - ring of Supernal Wisdom {rF+, Cun, Evo} (curse)
MPRegen 0.13/turn               z - ring of positive energy
                                w - ring of willpower
                                G - ring of willpower

@: grasped by roots, constricted
A: almost no armour, amphibious, 8 rings, camouflage 1, gelatinous body 1,
(nimble swimmer 1), tentacles
a: Renounce Religion, Curse Item, Shatter the Chains


You were on level 14 of the Dungeon.
You worshipped Ashenzari.
Ashenzari was aware of your devotion.
You visited 2 branches of the dungeon, and saw 15 of its levels.
You also visited: Sewer and Ice Cave.

You collected 786 gold pieces.
You spent 345 gold pieces at shops.

Inventory:

Hand Weapons
 a - a +0 rapier
 s - the +7 short sword of Res Nullius {freeze, Will+ Int+7 Dex-4}
   (You found it in a sewer)

   It freezes those it strikes, dealing additional cold damage.
   It can also slow down cold-blooded creatures.
   Int:       It affects your intelligence (+7).
   Dex:       It affects your dexterity (-4).
   Will:      It increases your willpower.
 F - the +9 battleaxe of a ziggurat (weapon) {vamp, rPois}
   (You bought it in a shop on level 3 of the Dungeon)

   It occasionally heals its wielder for a portion of the damage dealt when it
   wounds a living foe.
   rPois:     It protects you from poison.
 H - a +9 executioner's axe of flaming
Missiles
 B - 2 throwing nets (quivered)
Armour
 b - a +0 buckler
Jewellery
 d - a +6 ring of dexterity (left tentacle)
 i - the cursed ring of the Stellar Gnosis (right tentacle) {Will+, Self, Melee}
   (You found it on level 2 of the Dungeon)

   [ring of willpower]

   Will:      It increases your willpower.
   It has a curse which improves the following skills: Introspection: Fighting
   and Spellcasting.
   Melee Combat: Short Blades, Long Blades, Axes, Maces & Flails, Polearms,
   Staves and Unarmed Combat.
 k - the cursed ring "Bound With Me" (on tentacle) {rC+, Fort, Cun}
   (You found it on level 2 of the Dungeon)

   [ring of protection from cold]

   rC:        It protects you from cold.
   It has a curse which improves the following skills: Fortitude: Shields.
   Cunning:   Dodging and Stealth.
 l - the cursed ring of Supernal Wisdom (on tentacle) {rF+, Cun, Evo}
   (You found it on level 2 of the Dungeon)

   [ring of protection from fire]

   rF:        It protects you from fire.
   It has a curse which improves the following skills: Cunning: Dodging and
   Stealth.
   Evocations: Evocations.
 q - a +4 ring of evasion (on tentacle)
 w - a ring of willpower (on tentacle)
 y - a ring of magical power
 z - a ring of positive energy (on tentacle)
 G - a ring of willpower (on tentacle)
 M - a ring of willpower
 N - an amulet of magic regeneration
Wands
 u - a wand of acid (8)
 x - a wand of digging (9)
 D - a wand of charming (18)
 E - a wand of iceblast (7)
 J - a wand of paralysis (5)
 K - a wand of flame (14)
Scrolls
 e - 10 scrolls of identify
 g - a scroll of teleportation
 h - 6 scrolls of enchant armour
 o - 5 scrolls of noise
 r - a scroll of fog
 A - 2 scrolls of amnesia
 C - a scroll of holy word
 Q - a scroll of magic mapping
Potions
 c - 3 potions of might
 f - 3 potions of flight
 j - 5 potions of magic
 m - 2 potions of curing
 n - a potion of brilliance
 p - 2 potions of lignification
 t - 6 potions of attraction
 v - 2 potions of invisibility
 I - 2 potions of mutation
 L - a potion of haste
Miscellaneous
 O - a tin of tremorstones (2/2)


   Skills:
 + Level 15.0(15.9) Fighting
 - Level 2.0(2.8) Short Blades
 * Level 13.4(14.3) Axes
 - Level 9.8(11.4) Dodging
 - Level 7.7(9.3) Stealth
 - Level 5.5(6.5) Shields
 + Level 4.9(5.9) Evocations


You had 12 spell levels left.
You didn't know any spells.
Your spell library contained the following spells:

 Spells                   Type           Power      Damage    Failure   Level
 Animate Skeleton         Necr           0%         N/A       34%         1
 Pain                     Necr           0%         1d4       34%         1
 Ensorcelled Hibernation  Hex/Ice        0%         N/A       47%         2
 Dazzling Flash           Conj/Hex       0%         N/A       71%         3
 Gell's Gravitas          Tloc           0%         N/A       71%         3
 Lesser Beckoning         Tloc           0%         N/A       71%         3
 Portal Projectile        Hex/Tloc       0%         N/A       71%         3
 Spider Form              Tmut/Pois      0%         N/A       71%         3
 Stone Arrow              Conj/Erth      0%         3d7       71%         3
 Teleport Other           Tloc           0%         N/A       71%         3
 Vampiric Draining        Necr           0%         2d6       71%         3
 Agony                    Necr           0%         N/A       100%        5
 Blade Hands              Tmut           0%         N/A       100%        5
 Excruciating Wounds      Necr           0%         N/A       100%        5
 Silence                  Hex/Air        0%         N/A       100%        5
 Lehudib's Crystal Spear  Conj/Erth      0%         10d2      100%        8
 Animate Armour           Summ/Erth      Unusable   N/A       N/A         4

Dungeon Overview and Level Annotations

Branches:
Dungeon (14/15)            Temple (1/1) D:7             Orc (0/2) D:9
  Sewer (visited)           IceCv (visited)
   Lair: D:8-11      Vaults: D:13-14

Altars:
Ashenzari
Cheibriados
Dithmenos
Elyvilon
Fedhas
Gozag
Hepliaklqana
Makhleb
Nemelex Xobeh
Okawaru
Qazlal
Ru
Trog
Uskayaw
Vehumet
Wu Jian
Xom
Yredelemnul
Zin
The Shining One

Shops:
D:3 (*   D:12 =

Annotations:
D:2 1 runed translucent door, Crazy Yiuf
D:7 2 transporters, BeowulfAlex's ghost, novice OpTm
D:8 Psyche
D:9 1 runed translucent door, robertstho's ghost, novice DrBe
D:14 Jorgrun


Innate Abilities, Weirdness & Mutations

You cannot wear most types of armour.
You are amphibious.
You can wear up to eight rings at the same time.
Your skin changes colour to match your surroundings (Stealth+).
Your rubbery body absorbs attacks. (AC +1, EV +1)
((You are camouflaged near water. (Stealth+)))
You have tentacles for arms and can constrict up to eight enemies at once.


Message History

The boulder beetle barely misses you.
You cut the boulder beetle into ribbons!!!
You kill the boulder beetle!
Key pressed, stopping explore.
Jorgrun Earthshaker comes into view.
He is wielding a +0 vorpal quarterstaff and wearing a +0 robe of fire resistance.
Jorgrun is nearby!
Jorgrun is nearby!
The helpless Jorgrun fails to defend himself.
You slice Jorgrun!! Your grab misses Jorgrun.
Jorgrun is moderately wounded.
Jorgrun casts a spell next to you.
The wall shatters!
The blast of rock fragments hits you!!
You slash Jorgrun!
You feel better.
Your grab misses Jorgrun.
Jorgrun is moderately wounded.
Jorgrun says, "'tis place shall be yer tomb!"
Jorgrun misses you.
You barely miss Jorgrun. Your grab misses Jorgrun.
Jorgrun is moderately wounded.
Jorgrun hits you with a +0 vorpal quarterstaff!
You barely miss Jorgrun. You grab Jorgrun.
Jorgrun is moderately wounded.
You constrict Jorgrun. Jorgrun gestures at you while chanting.
Roots burst forth from the earth!
The grasping roots grab you! The grasping roots constrict you!
You hit Jorgrun.
You feel better.
Jorgrun is heavily wounded.
You constrict Jorgrun. Jorgrun barely misses you.
The grasping roots constrict you!
You slice Jorgrun!!
You feel better.
Jorgrun is severely wounded.
You constrict Jorgrun.
Jorgrun mutters some incantations to himself.
Jorgrun casts a spell at you. The iron shot hits you!!!
Ouch! That really hurt!
* * * LOW HITPOINT WARNING * * *
The grasping roots constrict you.
You die...

.###.#............#.#
.###.#........#..##.##
............>........#
.....#....####.#######
.##.##...........#
.........#####.#.#
.....#.#.# #.#.#
.....#.#.# #.#.#
##...#.#.# #.#@#
##...#.#.# #.#g#
##.Z.#.# #.#..
.......# ......
.##..### ...##..
.##.## .# #.. ..#.# #
#.. #.#.# #+# #.#)#


You could see Jorgrun.

Vanquished Creatures
  A hydra (D:13)
  Harold (D:9)
  A boulder beetle (D:14)
  A centaur warrior (D:13)
  4 two-headed ogres
  5 death yaks (IceCv)
  3 tengu warriors
  A storm dragon zombie (D:14)
  A storm dragon skeleton (D:14)
  A sea snake (shapeshifter) (D:14)
  A necromancer (D:14)
  2 deep elf pyromancers (D:12)
  A harpy (shapeshifter) (D:13)
  6 cyclopes
  A manticore (D:13)
  4 ugly things
  Joseph (D:8)
  Maggie (D:6)
  A gargoyle (D:12)
  A kobold demonologist (D:11)
  A tengu conjurer (D:14)
  2 trolls (D:10)
  A wind drake (shapeshifter) (D:14)
  3 meliai (D:14)
  8 polar bears (IceCv)
  A harpy skeleton (D:14)
  13 slime creatures
  Grinder (D:5)
  A wyvern (D:8)
  34 yaks
  2 wraiths
  A human (shapeshifter) (D:13)
  2 basilisks
  A death yak simulacrum (D:12)
  4 vampire mosquitoes (D:10)
  2 water moccasins
  A hornet zombie (D:14)
  4 ice beasts
  2 necrophages (D:7)
  3 orc warriors
  11 wolves (IceCv)
  An ogre (D:4)
  3 centaurs (D:13)
  4 kobold brigands
  4 bullfrogs
  A gnoll sergeant (D:5)
  A cane toad simulacrum (D:12)
  4 scorpions
  A two-headed ogre simulacrum (D:12)
  A hornet simulacrum (D:14)
  13 wights
  8 howler monkeys
  5 centaur zombies
  2 hounds
  3 orc priests
  A bullfrog skeleton (D:6)
  4 iguanas
  14 orc wizards
  A polar bear simulacrum (D:12)
  3 spriggan simulacra (D:12)
  2 howler monkey zombies
  Robin (D:4)
  9 gnolls
  11 adders
  A naga simulacrum (D:12)
  A shadow imp (D:6)
  A white imp (D:8)
  An ufetubus (D:7)
  3 worms
  2 dart slugs (D:2)
  21 orcs
  15 ball pythons
  5 endoplasms
  11 giant cockroaches
  6 goblins
  12 hobgoblins
  4 jackals (D:4)
  11 quokkas
  4 bats
  11 frilled lizards
  27 kobolds
  2 rats (D:3)
371 creatures vanquished.

Vanquished Creatures (others)
  47 plants
47 creatures vanquished.

Grand Total: 418 creatures vanquished

Notes
Turn   | Place    | Note
-------+----------+-------------------------------------------
     0 | D:1      | Rennog the Octopode Fighter began the quest for the Orb.
     0 | D:1      | Reached XP level 1. HP: 16/16 MP: 1/1
   272 | D:1      | Reached XP level 2. HP: 21/21 MP: 2/2
   745 | D:1      | Found a faded altar of an unknown god.
   967 | D:2      | Reached XP level 3. HP: 26/26 MP: 3/3
  1386 | D:2      | Reached skill level 4 in Fighting
  1386 | D:2      | Reached XP level 4. HP: 24/33 MP: 4/4
  1830 | D:2      | Found a runed translucent door.
  1831 | D:2      | Noticed Crazy Yiuf
  1951 | D:3      | Found Uviunure's Assorted Antiques.
  2039 | D:3      | Found Femug's Antique Weapon Emporium.
  2327 | D:3      | Reached XP level 5. HP: 34/38 MP: 5/5
  2749 | D:4      | Reached skill level 5 in Fighting
  2752 | D:4      | Found a glowing drain.
  2770 | Sewer    | Entered a sewer
  3296 | Sewer    | Reached XP level 6. HP: 31/46 MP: 6/6
  3413 | Sewer    | Identified the +7 short sword of Res Nullius {freeze, Will+
                  | Int+7 Dex-4}
  3625 | D:4      | Reached skill level 6 in Fighting
  3708 | D:4      | Noticed Robin
  3708 | D:4      | You fall into a shaft and drop 3 floors!
  3731 | D:7      | Noticed a necrophage
  3759 | D:7      | Killed a necrophage
  3760 | D:7      | Reached XP level 7. HP: 41/53 MP: 7/7
  3828 | D:7      | Found a staircase to the Ecumenical Temple.
  3843 | Temple   | Entered the Ecumenical Temple
  3905 | Temple   | Became a worshipper of Ashenzari the Shackled
  3927 | D:7      | Reached skill level 5 in Dodging
  4063 | D:7      | Found a transporter.
  4066 | D:7      | Noticed BeowulfAlex's ghost (novice OpTm)
  4092 | D:5      | Entered Level 5 of the Dungeon
  4207 | D:5      | Reached skill level 7 in Fighting
  4335 | D:4      | Killed Robin
  4950 | D:4      | Reached XP level 8. HP: 61/61 MP: 8/8
  5121 | D:5      | Reached skill level 8 in Fighting
  5849 | D:6      | Noticed Grinder
  5869 | D:5      | Killed Grinder
  5870 | D:5      | Reached skill level 9 in Fighting
  6155 | D:6      | Reached XP level 9. HP: 63/69 MP: 9/9
  6164 | D:6      | Noticed Maggie
  6173 | D:6      | Killed Maggie
  6174 | D:6      | Reached skill level 10 in Fighting
  7013 | D:7      | Found a transporter.
  7367 | D:8      | Noticed Psyche
  7451 | D:8      | Reached skill level 11 in Fighting
  7812 | D:8      | Reached XP level 10. HP: 39/79 MP: 10/10
  8124 | D:8      | Found a snail-covered altar of Cheibriados.
  8245 | D:8      | Noticed Joseph
  8258 | D:8      | Found a bloodstained altar of Trog.
  8260 | D:8      | Found the +3 pair of seven-league boots {Rampage+∞}
  8302 | D:9      | Noticed Harold
  8310 | D:9      | Reached skill level 12 in Fighting
  8378 | D:9      | Found a runed translucent door.
  8613 | D:9      | Found a radiant altar of Vehumet.
  8672 | D:9      | Killed Harold
  8988 | D:9      | Noticed a two-headed ogre
  9536 | D:8      | Killed Joseph
  9537 | D:8      | Reached skill level 5 in Shields
 10037 | D:9      | Killed a two-headed ogre
 10038 | D:9      | Reached skill level 13 in Fighting
 10038 | D:9      | Reached XP level 11. HP: 24/88 MP: 11/11
 10430 | D:9      | Found a staircase to the Orcish Mines.
 10670 | D:3      | Bought a twisted battleaxe for 345 gold pieces
 10670 | D:3      | Identified the +9 battleaxe of a ziggurat {vamp, rPois}
                  | (You bought it in a shop on level 3 of the Dungeon)
 10912 | D:9      | Noticed robertstho's ghost (novice DrBe)
 10933 | D:10     | Entered Level 10 of the Dungeon
 10954 | D:10     | Reached skill level 1 in Axes
 11265 | D:10     | Found a white marble altar of Elyvilon.
 11442 | D:10     | Found a shadowy altar of Dithmenos.
 11460 | D:10     | Identified a scroll of acquirement
 11465 | D:10     | Noticed a two-headed ogre
 11472 | D:10     | Killed a two-headed ogre
 11550 | D:10     | Acquired a +3 executioner's axe of flaming
 11576 | D:11     | Noticed a two-headed ogre
 11759 | D:11     | Killed a two-headed ogre
 11760 | D:11     | Reached skill level 5 in Axes
 11993 | D:11     | Reached * piety under Ashenzari
 12145 | D:11     | Noticed a two-headed ogre
 12154 | D:11     | Killed a two-headed ogre
 12225 | D:11     | Noticed a sun demon
 12228 | D:11     | Noticed a sixfirhy
 12536 | D:12     | Found a frozen archway.
 13020 | IceCv    | Entered an ice cave
 13583 | IceCv    | Reached skill level 1 in Stealth
 13583 | IceCv    | Reached XP level 12. HP: 73/96 MP: 12/12
 14030 | IceCv    | Noticed a death yak
 14065 | IceCv    | Killed a death yak
 14099 | IceCv    | Noticed a death yak
 14110 | IceCv    | Killed a death yak
 14111 | IceCv    | Reached skill level 10 in Axes
 14173 | IceCv    | Noticed an ironbound frostheart
 14173 | IceCv    | Noticed a death yak
 14173 | IceCv    | Noticed an ironbound frostheart
 14173 | IceCv    | Noticed a death yak
 14206 | IceCv    | Noticed a death yak
 14206 | IceCv    | Noticed a death yak
 14206 | IceCv    | Noticed a death yak
 14218 | IceCv    | HP: 5/145 [polar bear (4)]
 14224 | IceCv    | Killed a death yak
 14225 | IceCv    | Reached skill level 5 in Stealth
 14226 | IceCv    | Killed a death yak
 14229 | IceCv    | Killed a death yak
 14235 | IceCv    | Reached skill level 14 in Fighting
 14365 | D:12     | Found Karyguq's Jewellery Shoppe.
 14764 | D:12     | Reached XP level 13. HP: 103/103 MP: 13/13
 15398 | D:13     | Reached skill level 1 in Evocations
 17034 | D:14     | Found a bloodstained altar of Trog.
 19328 | D:14     | Reached skill level 15 in Fighting
 19647 | D:14     | Noticed Jorgrun
 19657 | D:14     | HP: 2/105 [Jorgrun/iron shot (59)]
 19657 | D:14     | Constricted to death by Jorgrun

Illustrated notes

Levels and vault maps discovered:
D:1:      mushboom_english_gardens, layout_loops_corners,
          dilly_ecumenical_altar_fadedgnrine, minmay_domino_4
D:2:      layout_loops_ring, uniq_crazy_yiuf_cottage
D:3:      layout_rooms, serial_shops, nicolae_shop_waterfront,
          nicolae_shop_behind_doors
D:4:      layout_loops_ring, gup_sewer_entry_pipe, serial_bayou_pond_b,
          uniq_robin
D:5:      layout_loops_ring, minmay_misc_feat_columns
D:6:      layout_cave_pools, uniq_maggie, uniq_grinder
D:7:      layout_basic, minmay_temple_entry_mist, gammafunk_ghost_stat_death
D:8:      layout_rooms, cheibriados_altar_1, mainiacjoe_overflow_cross_hatched,
          erik_lair_dragon, uniq_joseph, uniq_psyche
D:9:      layout_rooms, mainiacjoe_overflow_surrounded_room, orc_0_dummy,
          ebering_ghost_inner_flame, uniq_harold
D:10:     layout_cave_pools, mainiacjoe_overflow_large_starburst,
          jmf_multi_god_temple, minmay_beelzebubs_servants
D:11:     layout_irregular_city, serial_bayou, serial_bayou_pond_c,
          serial_bayou_shore_a, serial_bayou_pond_e, serial_bayou_lagoon_a,
          doesnt_xom_only_xom
D:12:     layout_basic, serial_shops, kennysheep_mini_moat,
          portal_ice_cave_entry_ice_simulacra
D:13:     layout_layer_cave
D:14:     layout_basic, lightli_vaults_fourway_checkpoint,
          trog_three_pillars_becter, uniq_jorgrun
Temple:   eino_wide_crystal_templ

Skill      XL: |  1  2  3  4  5  6  7  8  9 10 11 12 13 |
---------------+----------------------------------------+-----
Fighting       | 4 5 6 7 9 11 13 14 15 | 15.0
Dodging        | 4 5 7 8 9 |  9.8
Shields        | 5 |  5.5
Axes           | 9 11 13 | 13.4
Stealth        | 1 7 |  7.7
Evocations     | 4 |  4.9
Short Blades   | |  2.0

Action                   |  1- 3 |  4- 6 |  7- 9 | 10-12 | 13-15 || total
-------------------------+-------+-------+-------+-------+-------++-------
Melee: Rapier            |    59 |    95 |       |       |       ||   154
       Tentacles         |    10 |    28 |    54 |   119 |    52 ||   263
       Constrict         |    15 |    31 |    49 |    42 |    20 ||   157
       Short sword       |       |    21 |   232 |   152 |       ||   405
       Battleaxe         |       |       |       |   257 |   160 ||   417
       Executioner's axe |       |       |       |       |     4 ||     4
Invok: Curse Item        |       |       |     1 |     1 |     1 ||     3
Evoke: Wand              |       |       |     2 |       |       ||     2
  Use: Scroll            |       |       |     1 |     8 |     6 ||    15
       Potion            |       |       |     1 |     4 |     1 ||     6
 Stab: Sleeping          |     9 |     8 |     5 |     1 |     6 ||    29
       Distracted        |       |       |     1 |       |     1 ||     2
Armor: Skin              |     1 |     6 |     2 |     8 |     4 ||    21
Dodge: Dodged            |    31 |    95 |   145 |   463 |   174 ||   908
Block: Buckler           |     9 |    23 |    38 |    30 |       ||   100

Table legend: (Time is in decaauts)
 A = Elapsed time spent in this place.
 B = Non-inter-level travel time spent in this place.
 C = Inter-level travel time spent in this place.
 D = Time resting spent in this place.
 E = Time spent auto-exploring this place.
 F = Levels seen in this place.
 G = Mean time per level.
                   A        B        C        D        E       F      G
               +--------+--------+--------+--------+--------+-----+--------+
         Total |  19782 |  18819 |    963 |   3016 |  12608 |  17 | 1163.6 |
       Dungeon |  17700 |  16750 |    950 |   2533 |  11522 |  14 | 1264.3 |
        Temple |     76 |     63 |     13 |      0 |     45 |   1 |   76.0 |
         Sewer |    681 |    681 |      0 |      0 |    552 |   1 |  681.0 |
      Ice Cave |   1323 |   1323 |      0 |    483 |    489 |   1 | 1323.0 |
               +--------+--------+--------+--------+--------+-----+--------+

Top non-repeatable levels by time:
    D:13: 2658 daAuts
     D:9: 1743 daAuts
     D:8: 1694 daAuts
    D:14: 1661 daAuts
    D:12: 1369 daAuts
   IceCv: 1323 daAuts
     D:4: 1239 daAuts
     D:2: 1212 daAuts
    D:11: 1147 daAuts
     D:5: 1103 daAuts
     D:1: 964 daAuts
     D:6: 925 daAuts
     D:7: 883 daAuts
   Sewer: 681 daAuts
     D:3: 570 daAuts
